 Dungeon Crawl Stone Soup version 0.17.1-2-g5865329 (webtiles) character file.

9481 HEYYEYAAE the Fighter (level 11, -7/90 HPs)
             Began as a Vine Stalker Chaos Knight on Jan 23, 2016.
             Mangled by Nergalle the deep troll (10 damage)
             ... on level 12 of the Dungeon.
             The game lasted 00:21:22 (8935 turns).

HEYYEYAAE the Fighter (Vine Stalker Chaos Knight)   Turns: 8935, Time: 00:21:22

Health: -7/90      AC: 25    Str: 20    XL:     11   Next: 47%
Magic:  0/14       EV:  2    Int: 17    God:    Xom [......]
Gold:   545        SH:  7    Dex: 20    Spells: 0 memorised, 10 levels left

rFire  . . .     SeeInvis .       - Unarmed
rCold  + + .     Clarity  .     (armour currently unavailable)
rNeg   + + +     SustAt   .     a - +1 buckler
rPois  +         Gourm    .     (helmet currently unavailable)
rElec  .         Spirit   +     (cloak currently unavailable)
rCorr  .         Warding  .     (gloves currently unavailable)
rMut   +         NoTele   +     (boots currently unavailable)
MR     +....                    j - amulet of Cupaavan {rMut *Corrode rPois Int+5 Stlth+}
Stlth  ++++......               C - ring of protection from cold
                                B - ring of protection from cold

@: mighty, agile, tree-form, manticore barbs, very slightly contaminated,
hasted, very quick, somewhat resistant to hostile enchantments, stealthy
A: (fangs 0), (yellow scales 0), blurry vision 1, low mp 1, mutation resistance
1, regeneration 2, weak 1, magic shield, (antimagic bite), no device heal 3, rot
immunity, subdued magic 1
a: Renounce Religion


You were on level 12 of the Dungeon.
You worshipped Xom.
You were a very special plaything of Xom.
You were very hungry.
You were a tree.
You visited 1 branch of the dungeon, and saw 12 of its levels.
You also visited: Ossuary.

You collected 545 gold pieces.

Inventory:

Hand Weapons
 P - a +2 flail of protection
 Y - a +3 quarterstaff of venom
Armour
 a - a +1 buckler (worn)
 h - a +2 helmet (melded)
 q - a +0 pair of boots (melded)
 E - a +0 ring mail of poison resistance
 X - the +4 chain mail of Duck's Teeth (melded) {rPois rC++ Str+4 Int-3}
   (You found it on level 9 of the Dungeon)

   It affects your strength (+4).
   It affects your intelligence (-3).
   It greatly protects you from cold.
   It protects you from poison.
Jewellery
 d - an uncursed amulet of resist mutation
 j - the amulet of Cupaavan (around neck) {rMut *Corrode rPois Int+5 Stlth+}
   (You found it on level 11 of the Dungeon)

   [amulet of resist mutation]

   It protects you from mutation.
   It affects your intelligence (+5).
   It protects you from poison.
   It may corrode your equipment when you take damage.
   It makes you more stealthy.
 o - an uncursed ring of fire
 v - a +6 ring of intelligence
 B - a ring of protection from cold (left branch)
 C - a ring of protection from cold (right branch)
 L - an uncursed amulet of stasis
Wands
 I - a wand of digging (8)
Scrolls
 e - 5 scrolls of fog
 g - 4 scrolls of immolation
 i - 2 scrolls of teleportation
 k - a scroll of blinking
 l - 11 scrolls of remove curse
 t - a scroll of enchant weapon
 w - 2 scrolls of amnesia
 y - a scroll of vulnerability
 M - a scroll of magic mapping
 V - a scroll of enchant armour
Potions
 n - a potion of cure mutation
 p - 6 potions of curing
 r - a potion of heal wounds
 O - 2 potions of flight
 R - a potion of might
 Z - a potion of brilliance
Books
 s - a book of Geomancy

   Spells                             Type                      Level
   a - Sandblast                      Earth                        1
   b - Stoneskin                      Transmutation/Earth          2
   c - Passwall                       Transmutation/Earth          3
   d - Stone Arrow                    Conjuration/Earth            3
   e - Petrify                        Transmutation/Earth          4
   f - Lee's Rapid Deconstruction     Earth                        5
 D - a book of Battle

   Spells                             Type                      Level
   a - Infusion                       Charms                       1
   b - Shroud of Golubria             Charms/Translocation         2
   c - Song of Slaying                Charms                       2
   d - Spectral Weapon                Hexes/Charms                 3
   e - Regeneration                   Charms/Necromancy            3
 H - a book of Beasts

   Spells                             Type                      Level
   a - Summon Butterflies             Summoning                    1
   b - Call Canine Familiar           Summoning                    3
   c - Summon Ice Beast               Ice/Summoning                4
   d - Summon Mana Viper              Hexes/Summoning              5
   e - Summon Hydra                   Summoning                    7
 J - a book of Alchemy

   Spells                             Type                      Level
   a - Sublimation of Blood           Necromancy                   2
   b - Ignite Poison                  Fire/Transmutation/Poison    3
   c - Alistair's Intoxication        Transmutation/Poison         4
   d - Condensation Shield            Ice                          4
   e - Petrify                        Transmutation/Earth          4
   f - Irradiate                      Conjuration/Transmutation    5
Comestibles
 b - 5 bread rations
 c - 5 meat rations
 f - 10 slices of pizza
 z - 7 fruits
 S - a royal jelly


   Skills:
 * Level 8.7 Fighting
 + Level 5.4 Throwing
 + Level 5.3 Armour
 + Level 5.2 Dodging
 + Level 5.6 Shields
 + Level 7.1 Unarmed Combat
 + Level 5.5 Evocations


You had 10 spell levels left.
You didn't know any spells.

Dungeon Overview and Level Annotations

Branches:
Dungeon (12/15)            Temple (0/1) D:4            Lair (0/8) D:8
    Orc (0/4) D:12

Altars:
Ashenzari
Dithmenos
Elyvilon
Kikubaaqudgha
Nemelex Xobeh
Okawaru
Ru
Sif Muna
Trog
Yredelemnul
Zin

Shops:
D:12 (

Annotations:
D:11 HEYYEYAAE's ghost, journeyman VSCK
D:12 Nergalle


Innate Abilities, Weirdness & Mutations

((You have razor-sharp teeth.))
You heal very quickly.
When hurt, damage is shared between your health and your magic reserves.
((Your bite disrupts and absorbs the magic of your enemies.))
Potions and wands cannot restore your health.
You are immune to rotting.
((You are partially covered in yellow scales (AC +2).))
Scrolls take you a little longer to read.
Your magical capacity is low (-10% MP).
You are somewhat resistant to further mutation.
You are weak. (Str -2)
Your spells are a little easier to cast, but a little less powerful.


Message History

Nergalle casts a spell.
Nergalle stands defiantly in death's doorway!
The hippogriff bites you but does no damage.
You block the hippogriff's attack.
The hippogriff claws you but does no damage.
A centaur zombie comes into view.
You pummel Nergalle!!
Nergalle is almost dead.
You hear the creaking of a portcullis nearby.
You pummel the hippogriff!!
You kill the hippogriff!
Nergalle completely misses you. Nergalle claws you.
* * * LOW HITPOINT WARNING * * *
Nergalle completely misses you.
Unknown command.
You pummel Nergalle!!
Nergalle is almost dead.
You block its attack.
You pummel the centaur zombie!! Nergalle bites you!
You die...

* #[)...$...,,,*
************########.).......,,,*
,,,,,,,,,,,,.................,,,*
,,,,,,***,,***##.....§.......,,,*
***,,,* *,,* #....§...#####,,,*
*,,,* *,,* #...###..# *,,,* *,,,*
*,,* #...# *..# *,,,* *,,,* *,,*
#Z..# *..# *,,,* *,,,***,,* #♣..#
*..#****,,,*
***,,,,,,,,****#)T.#**...,,,,,,,*
,,,,,,,,,,......l.........,,,,,,*
,,,,,,,,,,.C...).........,,,,,,,*
********,,............##.,****,,*
*,,............#*,,* *,,*
*,,............#*,,* *,,*
*,,............#*,,* *,,*
********,,............#*,,* *,,*


You could see Nergalle the deep troll, an iguana (petrifying) and a centaur
zombie.

Vanquished Creatures
  Erica (D:10)
  The ghost of simples the Basher, a novice MiBe of Trog (D:10)
  A hill giant (D:10)
  A cyclops (D:12)
  2 gargoyles (D:12)
  A jumping spider (D:8)
  A wraith (Ossuary)
  5 humans
  The ghost of WereVolvo the Poker, an amateur MiSk of Okawaru (D:6)
  A vampire mosquito (D:12)
  A hippogriff (D:12)
  Menkaure (D:5)
  2 wargs (D:8)
  Edmund (D:5)
  3 orc warriors
  A water moccasin (D:5)
  3 ogres
  2 sky beasts (D:9)
  2 wasps
  2 black bears
  4 phantoms
  4 centaurs
  A big kobold (D:9)
  8 giant frogs
  A crocodile (D:7)
  A water moccasin skeleton (D:9)
  6 killer bees (D:7)
  4 scorpions
  A quasit (D:12)
  A wight (D:11)
  5 crimson imps
  A giant frog zombie (D:4)
  A centaur zombie (D:6)
  6 hounds
  2 orc priests
  A giant frog skeleton (D:8)
  Jessica (D:3)
  5 iguanas
  An iguana (shapeshifter) (D:8)
  8 orc wizards
  5 worker ants
  A hound zombie (D:6)
  2 hound skeletons
  A mummy (Ossuary)
  Robin (D:2)
  A gnoll (D:9)
  11 adders
  3 oozes
  2 adder skeletons
  5 worms
  7 giant geckos
  30 orcs
  3 ball pythons
  6 giant cockroaches
  7 hobgoblins
  5 jackals
  9 kobolds
  5 quokkas
  6 bats
  A giant gecko skeleton (D:4)
  2 giant newts
  7 gnoll skeletons (Ossuary)
  19 goblins
  3 kobold skeletons (Ossuary)
  15 orc skeletons (Ossuary)
  7 rats
259 creatures vanquished.

Vanquished Creatures (collateral kills)
  A troll (D:9)
  A hippogriff (D:9)
  2 ogres (D:9)
  2 giant frogs
  2 killer bees (D:7)
  A crimson imp (D:9)
  An orc priest (D:8)
  A hound (D:6)
  2 gnolls (D:9)
  An adder (D:6)
  7 jackals (D:6)
21 creatures vanquished.

Vanquished Creatures (others)
  An ugly thing (D:9)
  A manticore (D:12)
  A hungry ghost (D:9)
  A necrophage (D:8)
  A killer bee (D:7)
  A hound skeleton (D:9)
  An orc (D:8)
  A quokka (D:3)
8 creatures vanquished.

Grand Total: 288 creatures vanquished

Notes
Turn   | Place    | Note
--------------------------------------------------------------
     0 | D:1      | HEYYEYAAE the Vine Stalker Chaos Knight began the quest for the Orb.
     0 | D:1      | Reached XP level 1. HP: 11/11 MP: 2/2
   124 | D:1      | Reached XP level 2. HP: 16/16 MP: 3/3
   196 | D:1      | Reached skill level 1 in Throwing
   653 | D:1      | Reached XP level 3. HP: 20/20 MP: 4/4
   740 | D:2      | XOM: mild Erth miscast
   743 | D:2      | Reached skill level 1 in Dodging
   757 | D:2      | XOM: divination: detect creatures
   824 | D:2      | Found a sparkling altar of Nemelex Xobeh.
   902 | D:2      | XOM: butterfly on damage
  1066 | D:2      | Noticed Robin
  1077 | D:2      | XOM: potion effect (haste)
  1149 | D:2      | Found a basalt altar of Yredelemnul.
  1159 | D:2      | XOM: harmless Erth miscast
  1164 | D:2      | Found a shattered altar of Ashenzari.
  1166 | D:2      | XOM: 10-stop teleportation journey
  1203 | D:2      | Reached XP level 4. HP: 20/24 MP: 5/5
  1245 | D:2      | Killed Robin
  1329 | D:2      | XOM: cast spell 'Stoneskin'
  1689 | D:2      | XOM: harmless Divn miscast
  1712 | D:2      | Found an iron altar of Okawaru.
  1713 | D:2      | Found a bloodstained altar of Trog.
  1937 | D:3      | XOM: smoke on damage
  1947 | D:3      | Reached XP level 5. HP: 17/28 MP: 4/6
  1992 | D:3      | XOM: enchant monster (good)
  2201 | D:3      | Noticed Jessica
  2207 | D:3      | Killed Jessica
  2412 | D:3      | Found a white marble altar of Elyvilon.
  2518 | D:3      | Reached skill level 4 in Fighting
  2652 | D:4      | XOM: divination: detect creatures
  2693 | D:4      | Found a sand-covered staircase.
  2724 | D:4      | XOM: cast spell 'Cause Fear'
  2728 | D:4      | XOM: mild Ice miscast
  2739 | D:4      | Gained mutation: You heal very quickly. [Vine Stalker growth]
  2739 | D:4      | Reached XP level 6. HP: 33/33 MP: 7/7
  2755 | D:4      | XOM: noise
  2756 | D:4      | XOM: confuse monster(s)
  2803 | D:4      | Reached skill level 1 in Evocations
  2833 | Ossuary  | Entered an ossuary
  2833 | Ossuary  | Noticed a wraith
  2833 | Ossuary  | Noticed a wraith
  2833 | Ossuary  | Noticed a wraith
  2923 | Ossuary  | XOM: silly message
  2953 | Ossuary  | Noticed a wraith
  2968 | Ossuary  | XOM: potion effect (haste)
  2972 | Ossuary  | Killed a wraith
  2972 | Ossuary  | Reached skill level 1 in Shields
  2972 | Ossuary  | Reached XP level 7. HP: 38/38 MP: 6/9
  3177 | D:4      | XOM: divination: magic mapping
  3187 | D:4      | Gained mutation: You evolve. [potion of mutation]
  3187 | D:4      | Gained mutation: Scrolls take you a little longer to read. [potion of mutation]
  3187 | D:4      | Gained mutation: Your spells are a little easier to cast, but a little less powerful. [potion of mutation]
  3387 | D:4      | Found a staircase to the Ecumenical Temple.
  3716 | D:5      | Entered Level 5 of the Dungeon
  3719 | D:5      | XOM: cast spell 'Summon Butterflies'
  3725 | D:5      | XOM: cast spell 'Hydra Form'
  3730 | D:5      | Reached skill level 5 in Fighting
  3764 | D:5      | Noticed Edmund
  3769 | D:5      | XOM: swap monsters
  3786 | D:5      | Killed Edmund
  3786 | D:5      | Gained mutation: You have razor-sharp teeth. [Vine Stalker growth]
  3786 | D:5      | Reached XP level 8. HP: 29/43 MP: 10/10
  3849 | D:5      | Noticed Menkaure
  3862 | D:5      | Killed Menkaure
  4194 | D:5      | XOM: cast spell 'Dragon Form'
  4270 | D:5      | Found a sacrificial altar of Ru.
  4306 | D:5      | Found a shadowy altar of Dithmenos.
  4358 | D:5      | XOM: torment (26/44 hp)
  4522 | D:6      | XOM: noise
  4585 | D:6      | XOM: cast spell 'Summon Dragon'
  4640 | D:6      | Noticed WereVolvo's ghost (amateur MiSk)
  4640 | D:6      | XOM: potion effect (invisibility)
  4644 | D:6      | XOM: confuse monster(s)
  4655 | D:6      | XOM: summons friendly shadow imp
  4662 | D:6      | Killed WereVolvo's ghost
  4812 | D:6      | Reached XP level 9. HP: 48/48 MP: 12/12
  4882 | D:6      | XOM: enchant monster (good)
  4911 | D:6      | Reached skill level 6 in Fighting
  4911 | D:6      | Reached skill level 5 in Unarmed Combat
  4922 | D:6      | XOM: summons friendly ufetubus
  5156 | D:6      | XOM: confuse monster(s)
  5175 | D:6      | XOM: silly message
  5188 | D:6      | XOM: god gift: 19 gold pieces
  5247 | D:7      | XOM: enchant monster (bad)
  5288 | D:7      | XOM: summons friendly iron imp
  5290 | D:7      | XOM: cast spell 'Cause Fear'
  5335 | D:7      | XOM: colour smoke trail
  5481 | D:7      | XOM: mild Ice miscast
  5740 | D:7      | Lost mutation: You evolve. [end of evolution]
  5856 | D:7      | XOM: potion effect (berserk rage)
  5935 | D:7      | XOM: silly message
  5967 | D:7      | XOM: confuse monster(s)
  6348 | D:8      | Reached XP level 10. HP: 25/53 MP: 7/14
  6355 | D:8      | Reached skill level 7 in Fighting
  6379 | D:8      | XOM: snakes to sticks
  6400 | D:8      | Found a staircase to the Lair.
  6463 | D:8      | XOM: confusion (+ monsters)
  6519 | D:8      | Found a deep blue altar of Sif Muna.
  6591 | D:8      | XOM: swap monsters
  6609 | D:8      | XOM: polymorph human -> jumping spider
  6793 | D:8      | XOM: harmless Divn miscast
  6856 | D:8      | Found a glowing silver altar of Zin.
  6870 | D:8      | XOM: god gift: 5 steel javelins
  6951 | D:8      | Found an ancient bone altar of Kikubaaqudgha.
  7025 | D:9      | Noticed a brown ugly thing
  7043 | D:9      | a brown ugly thing (ally) was killed
  7126 | D:9      | Gained mutation: You are weak. (Str -2) [mutagenic meat]
  7223 | D:9      | XOM: mild Trmt miscast
  7374 | D:9      | Gained mutation: Your magical capacity is low (-10% MP). [mutagenic meat]
  7375 | D:9      | Gained mutation: You are partially covered in yellow scales (AC +2). [mutagenic meat]
  7376 | D:9      | Gained mutation: You are somewhat resistant to further mutation. [mutagenic meat]
  7485 | D:9      | XOM: colour smoke trail
  7878 | D:9      | Got a warped chain mail
  7918 | D:9      | Identified the +4 chain mail of Duck's Teeth {rPois rC++ Str+4 Int-3} (You found it on level 9 of the Dungeon)
  7925 | D:9      | XOM: harmless Summ miscast
  7955 | D:10     | Entered Level 10 of the Dungeon
  7959 | D:10     | Noticed simples's ghost (novice MiBe)
  7973 | D:10     | Killed simples's ghost
  7973 | D:10     | Reached skill level 8 in Fighting
  7973 | D:10     | Reached skill level 5 in Throwing
  7973 | D:10     | Reached skill level 5 in Shields
  7973 | D:10     | Reached XP level 11. HP: 54/60 MP: 12/14
  7999 | D:10     | Noticed a hill giant
  8004 | D:10     | Noticed Erica
  8005 | D:10     | Killed a hill giant
  8005 | D:10     | Reached skill level 5 in Armour
  8005 | D:10     | Reached skill level 5 in Evocations
  8014 | D:10     | Killed Erica
  8014 | D:10     | Reached skill level 5 in Dodging
  8176 | D:10     | XOM: 1-stop teleportation journey
  8177 | D:10     | Noticed a hill giant
  8189 | D:10     | XOM: blink monster(s)
  8198 | D:10     | XOM: potion effect (haste)
  8552 | D:10     | XOM: harmless Trmt miscast
  8565 | D:11     | Got an ancient ruby amulet
  8566 | D:11     | Identified the amulet of Cupaavan {rMut *Corrode rPois Int+5 Stlth+} (You found it on level 11 of the Dungeon)
  8659 | D:11     | Noticed HEYYEYAAE's ghost (journeyman VSCK)
  8687 | D:11     | XOM: confusion (+ monsters)
  8736 | D:11     | XOM: fog
  8749 | D:10     | XOM: harmless Hex miscast
  8762 | D:10     | You fall through a shaft for 2 floors!
  8787 | D:12     | XOM: noise
  8818 | D:12     | XOM: enchant monster (good)
  8875 | D:12     | Found Potil's Antique Weapon Shop.
  8882 | D:12     | XOM: cast spell 'Ring of Flames'
  8886 | D:12     | XOM: polymorph orc -> rat
  8910 | D:12     | Noticed Nergalle
  8916 | D:12     | XOM: divine lightning (protected)
  8923 | D:12     | HP: 3/90 [cyclops (7)]
  8924 | D:12     | Noticed Nergalle
  8924 | D:12     | Nergalle changed into Nergalle the deep troll
  8924 | D:12     | XOM: polymorph Nergalle -> Nergalle the deep troll
  8930 | D:12     | XOM: enchant monster (good)
  8930 | D:12     | HP: 2/90 [Nergalle the deep troll (2)]
  8935 | D:12     | Mangled by Nergalle the deep troll

Action                   |  1- 3 |  4- 6 |  7- 9 | 10-12 || total
-------------------------+-------+-------+-------+-------++-------
Melee: Unarmed           |   160 |   267 |   548 |   382 ||  1357
Throw: Javelin           |       |       |       |    11 ||    11
Evoke: Wand              |       |       |    13 |    24 ||    37
  Use: Potion            |       |    10 |     2 |     7 ||    19
       Scroll            |       |     5 |     3 |    15 ||    23
 Stab: Petrified         |       |     2 |       |       ||     2
       Petrifying        |       |     1 |       |       ||     1
       Confused          |       |     1 |     4 |     1 ||     6
       Invisible         |       |       |     7 |       ||     7
       Sleeping          |       |       |     1 |       ||     1
  Eat: Chunk             |       |     7 |     7 |    14 ||    28
       Beef jerky        |       |       |     1 |     1 ||     2
       Fruit             |       |       |     1 |       ||     1
